 Dungeon Sprint DCSS version 0.19.1-1-g22dce08 (webtiles) character file.

507820 loralnil the End of an Era (level 19, 170/170 HPs)
             Began as a Demonspawn Fighter on Jan 7, 2017.
             Was the Champion of Qazlal.
             Escaped with the Orb!
             The game lasted 00:20:49 (2227 turns).

loralnil the End of an Era (Demonspawn Fighter)     Turns: 2227, Time: 00:20:50

Health: 170/170    AC: 42    Str: 26    XL:     19   Next: 71%
Magic:  36/36      EV: 20    Int:  7    God:    Qazlal [******]
Gold:   0          SH: 46    Dex: 19    Spells: 0 memorised, 18 levels left

rFire  . . .     SeeInvis +     r - +14 obsidian axe {chop, +Fly SInv *Curse} (curse)
rCold  . . .     Gourm    .     B - +15 Maxwell's patent armour {-Cast -Tele rElec MR+ rCorr}
rNeg   + + .     Faith    .     C - +18 shield of the Gong {rElec rN+ MR+ EV-5}
rPois  +         Spirit   +     (no helmet)
rElec  +         Reflect  .     (no cloak)
rCorr  +         Harm     .     P - +0 pair of gloves {Dex+3}
MR     ++++.     NoTele   +     (boots unavailable)
Stlth  .......... NoCast   +    F - amulet "Iskai" {Spirit Int+3}
                                E - ring of the Garden {rElec rN+ Str+3 Int-4 SInv}
                                M - ring "Tymighiyxt" {*Corrode +Fly rPois MR+ Dex+2}

@: studying 2 skills, repel missiles
A: talons 3, slimy green scales 2, dopey 1, frail 1, powered by death 3, powered
by pain 3
a: Upheaval, Elemental Force, Disaster Area, Renounce Religion, Evoke Flight
0: Orb of Zot


You escaped.
You worshipped Qazlal.
Qazlal was exalted by your worship.
You were very full.

You visited 1 branch

Inventory:

Hand Weapons
 r - the cursed +14 obsidian axe (weapon) {chop, +Fly SInv *Curse}
   (You found it in the Dungeon)

   It inflicts extra damage upon your enemies.
   It lets you see invisible.
   It lets you fly.
   It may re-curse itself when equipped.
   It has a curse placed upon it.
 D - the +8 hand axe of the Candle {flame, *Rage rF+++ Dex+8 Stlth-}
   (You took it off an orc priest in the Dungeon)

   It has been specially enchanted to burn those struck by it, causing extra
   injury to most foes and up to half again as much damage against particularly
   susceptible opponents.
   Big, fiery blades are also staple armaments of hydra-hunters.
   It affects your dexterity (+8).
   It renders you almost immune to fire.
   It may make you go berserk in combat.
   It makes you less stealthy.
Armour
 B - the +15 Maxwell's patent armour (worn) {-Cast -Tele rElec MR+ rCorr}
   (You found it in the Dungeon)

   It insulates you from electricity.
   It affects your resistance to hostile enchantments.
   It prevents spellcasting.
   It prevents most forms of teleportation.
   It protects you from acid and corrosion.
 C - the +18 shield of the Gong (worn) {rElec rN+ MR+ EV-5}
   (You found it in the Dungeon)

   It affects your evasion (-5).
   It insulates you from electricity.
   It protects you from negative energy.
   It affects your resistance to hostile enchantments.
 P - a +0 pair of gloves of dexterity (worn)
 V - the +5 pair of boots "Quz Ror" {+Inv rC+ Str+4}
   (You found it in the Dungeon)

   It affects your strength (+4).
   It protects you from cold.
   It lets you turn invisible.
Rods
 N - a +3 iron rod (13/13)
   (You found it in the Dungeon)
Jewellery
 m - a +6 ring of strength
 E - the ring of the Garden (right hand) {rElec rN+ Str+3 Int-4 SInv}
   (You found it in the Dungeon)

   [ring of see invisible]

   It affects your strength (+3).
   It affects your intelligence (-4).
   It insulates you from electricity.
   It protects you from negative energy.
   It lets you see invisible.
 F - the amulet "Iskai" (around neck) {Spirit Int+3}
   (You found it in the Dungeon)

   [amulet of guardian spirit]

   It causes incoming damage to be split between your health and magic.
   It affects your intelligence (+3).
 G - a +3 ring of strength
 H - an uncursed ring of protection from cold
 I - the ring "Behusaf" {rN+ Int+5}
   (You found it in the Dungeon)

   [ring of positive energy]

   It affects your intelligence (+5).
   It protects you from negative energy.
 J - an uncursed ring of ice
 M - the ring "Tymighiyxt" (left hand) {*Corrode +Fly rPois MR+ Dex+2}
   (You found it in the Dungeon)

   [ring of dexterity]

   It affects your dexterity (+2).
   It protects you from poison.
   It affects your resistance to hostile enchantments.
   It lets you fly.
   It may corrode you when you take damage.
 O - the amulet "Xeyp" {Gourm MR+ Int+6}
   (You took it off a wight in the Dungeon)

   [amulet of the gourmand]

   It allows you to eat raw meat even when not hungry.
   It affects your intelligence (+6).
   It affects your resistance to hostile enchantments.
 Q - the cursed ring of the Circus Animal {AC-5 Dex+3}
   (You found it in the Dungeon)

   [ring of protection]

   It affects your AC (-5).
   It affects your dexterity (+3).
   It has a curse placed upon it.
 R - a +2 amulet of reflection
 S - the ring of Mirth {rN++ MR+ Int+3}
   (You found it in the Dungeon)

   [ring of protection from magic]

   It affects your intelligence (+3).
   It greatly protects you from negative energy.
   It affects your resistance to hostile enchantments.
 T - the ring of Robustness {AC+8}
   (You found it in the Dungeon)

   [ring of protection]

   It affects your AC (+8).
 U - the ring of Ascent {rF- Str-4 Int+3 Dex+8}
   (You found it in the Dungeon)

   [ring of intelligence]

   It affects your strength (-4).
   It affects your intelligence (+3).
   It affects your dexterity (+8).
   It makes you vulnerable to fire.
 W - the ring "Cuul Ich" {MR+ Str+7 Stlth+}
   (You took it off a spriggan in the Dungeon)

   [ring of protection from magic]

   It affects your strength (+7).
   It affects your resistance to hostile enchantments.
   It makes you more stealthy.
 X - the ring "Otorpheph" {rC+ MR- Str+2 Dex+2}
   (You found it in the Dungeon)

   [ring of strength]

   It affects your strength (+2).
   It affects your dexterity (+2).
   It protects you from cold.
   It affects your resistance to hostile enchantments.
 Y - the ring "Uhoike" {Ice -Tele rN+ MR+ Dex+3 SInv}
   (You found it in the Dungeon)

   [ring of ice]

   It enhances your ice magic.
   It affects your dexterity (+3).
   It makes you vulnerable to fire.
   It protects you from cold.
   It protects you from negative energy.
   It affects your resistance to hostile enchantments.
   It lets you see invisible.
   It prevents most forms of teleportation.
Wands
 a - a wand of disintegration (7/24)
 b - a wand of iceblast (5/15)
 c - a wand of lightning (5/15)
 l - a wand of acid (5/15)
Scrolls
 k - 4 scrolls of blinking
 t - 4 scrolls of amnesia
 u - 4 scrolls of recharging
 v - 7 scrolls of fog
 w - 5 scrolls of identify
 x - 4 scrolls of remove curse
 y - 2 scrolls of fear
 L - 6 scrolls of brand weapon
Potions
 d - 8 potions of might
 e - 10 potions of curing
 g - 10 potions of heal wounds
 h - 6 potions of haste
 i - 7 potions of magic
 j - 3 potions of berserk rage
 o - 2 potions of brilliance
 p - 2 potions of invisibility
 q - 4 potions of resistance
 s - 5 potions of agility
Books
 K - a manual of Charms
 Z - a manual of Poison Magic
Comestibles
 f - 5 bread rations
 n - 9 royal jellies
 z - 35 fruits
 A - 3 meat rations


   Skills:
 O Level 27 Fighting
 O Level 27 Axes
 O Level 27 Armour
 + Level 24.2 Dodging
 - Level 1.9 Stealth
 O Level 27 Shields
 + Level 2.4 Unarmed Combat
 O Level 27 Invocations


You had 18 spell levels left.
You didn't know any spells.

Dungeon Overview and Level Annotations

Branches:
Dungeon (1/1)

Altars:
Ashenzari
Cheibriados
Dithmenos
Elyvilon
Fedhas
Gozag
Hepliaklqana
Kikubaaqudgha
Makhleb
Nemelex Xobeh
Okawaru
Qazlal
Ru
Sif Muna
Trog
Uskayaw
Vehumet
Xom
Yredelemnul
Zin
The Shining One
Beogh
Jiyva
Lugonu


Innate Abilities, Weirdness & Mutations

You have claws for feet.
You are mostly covered in slimy green scales. (AC +3)
You regenerate a lot of health from kills.
You are powered by pain.
You are dopey. (Int -2)
You are frail. (-10% HP)


Message History

You slice the shadow imp!!
You break out of your daze!
You kill the shadow imp!
Qazlal accepts your kill.
You start waiting.
You are feeling hungry.
You start waiting.
Done waiting.
You start eating one of the 38 fruits.
That choko was very bland.
You start eating one of the 37 fruits.
That orange was delicious!
Even the peel tasted good!
You start eating one of the 36 fruits.
Mmm - a full handful of blueberries!
You start eating one of the 4 meat rations.
You continue eating. x2
You finish eating.
That meat ration really hit the spot!
There is a staircase leading out of the dungeon here.
You can't go down here!
You have escaped!

...†....†...▓..▓.......▓..▓...8©8
.....†......▓.▓.▓.....▓.▓.▓...|}}
.....†......▓..▓.≈.....▓..▓..†..)
.....†......▓........≈....▓......
............▓.≈≈...≈......▓......
.†..........▓▓▓▓▓▓▓▓▓▓▓▓▓▓▓..†.††
..≈........≈▓8888888888888▓......
▓.......▓≈..▓8.§§.§......8▓......
......≈.....▓8..@........8▓......
.≈....≈...≈.▓8..§........8▓......
......≈..≈..▓8888888888888▓▓▓▓▓▓▓
▓▓▓▓▓▓▓▓▓▓▓▓▓▓▓▓▓▓▓▓▓▓▓▓▓▓▓▓▓▓▓▓▓
.....8©8........▓........8©8[†...
}=)}:=))::}}[)).▓."([:."))[...[.}
.|..}")[))).)|:.▓.}.:[)[.).....(.
[...)|)...):|:).▓.:.......)).....
.....)..........▓.)..............


There were no monsters in sight!

Vanquished Creatures
  5 ancient liches (D)
  2 orbs of fire (D)
  A shard shrike (D)
  3 shard shrikes (shapeshifter) (D)
  A golden dragon (shapeshifter) (D)
  A pearl dragon (D)
  A glowing shapeshifter (D)
  A hellephant (shapeshifter) (D)
  An Orb Guardian (D)
  10 liches (D)
  2 deep elf blademasters (D)
  4 quicksilver dragons (D)
  A titan (D)
  A deep elf master archer (D)
  14 shadow dragons (D)
  4 storm dragons (D)
  5 fire giants (D)
  2 daevas (D)
  2 iron dragons (shapeshifter) (D)
  3 ghost moths (D)
  7 iron dragons (D)
  5 deep elf sorcerers (D)
  An emperor scorpion (D)
  4 reapers (D)
  4 balrugs (D)
  An angel (D)
  20 stone giants (D)
  3 entropy weavers (D)
  2 ophanim (D)
  5 deep elf annihilators (D)
  A deep elf demonologist (D)
  A blizzard demon (D)
  A spark wasp (D)
  A mummy priest (D)
  4 crystal guardians (D)
  3 deep elf high priests (D)
  2 fire dragons (D)
  3 yaktaur captains (D)
  53 vault guards (D)
  2 ice dragons (D)
  A catoblepas (D)
  A hydra (D)
  A ghost crab (shapeshifter) (D)
  A hell hog (shapeshifter) (D)
  A death scarab (D)
  8 hell hogs (D)
  A hell knight (D)
  2 iron golems (D)
  3 deep elf knights (D)
  5 skeletal warriors (D)
  A cherub (D)
  A flayed ghost (D)
  A glowing orange brain (shapeshifter) (D)
  2 swamp dragons (shapeshifter) (D)
  5 deep elf archers (D)
  A hill giant (shapeshifter) (D)
  2 shining eyes (D)
  4 orb spiders (D)
  2 cyclopes (shapeshifter) (D)
  7 wolf spiders (D)
  11 deep elf magi (D)
  A cyclops (D)
  An elephant (D)
  A shining eye (shapeshifter) (D)
  An elephant (shapeshifter) (D)
  2 moths of wrath (D)
  A torpor snail (D)
  4 gargoyles (D)
  A torpor snail (shapeshifter) (D)
  2 spiny frogs (D)
  6 freezing wraiths (D)
  6 efreet (D)
  A komodo dragon (shapeshifter) (D)
  4 tormentors (D)
  A hellion (D)
  4 demonic crawlers (D)
  18 yaktaurs (D)
  A rime drake (D)
  A komodo dragon (D)
  11 ice devils (D)
  3 guardian mummies (D)
  A red devil (D)
  3 wind drakes (D)
  2 merfolk (D)
  10 jumping spiders (D)
  A merfolk (shapeshifter) (D)
  A blink frog (D)
  A two-headed ogre (shapeshifter) (D)
  9 hornets (D)
  A slime creature (D)
  A hippogriff (shapeshifter) (D)
  A slime creature (shapeshifter) (D)
  A blink frog (shapeshifter) (D)
  2 snapping turtles (shapeshifter) (D)
  4 hippogriffs (D)
  3 air elementals (D)
  2 wraiths (D)
  2 shadows (D)
  6 flying skulls (D)
  6 redbacks (D)
  7 tarantellas (D)
  A spriggan (shapeshifter) (D)
  2 yaks (D)
  A water elemental (D)
  A yak (shapeshifter) (D)
  4 fire elementals (D)
  A golden eye (D)
  2 basilisks (D)
  A hungry ghost (D)
  2 insubstantial wisps (D)
  7 hell hounds (D)
  A porcupine (D)
  6 water moccasins (D)
  2 ice beasts (D)
  A phantom (D)
  2 necrophages (D)
  8 crocodiles (D)
  A centaur (D)
  3 bullfrogs (D)
  12 earth elementals (D)
  5 wights (D)
  A crimson imp (D)
  2 quasits (D)
  An orc priest (D)
  2 jellies (D)
  4 iron imps (D)
  An iguana (D)
  A hell rat (D)
  6 mummies (D)
  4 adders (D)
  A shadow imp (D)
  7 white imps (D)
  2 oozes (D)
  7 adder zombies (D)
  2 adder skeletons (D)
  An orc (D)
  6 bat skeletons (D)
  3 bat zombies (D)
  2 jackals (D)
  5 ball python skeletons (D)
  3 giant cockroach zombies (D)
  A jackal skeleton (D)
  A jackal zombie (D)
  3 leopard gecko skeletons (D)
  2 leopard gecko zombies (D)
  8 fire vortices (D)
521 creatures vanquished.

Vanquished Creatures (collateral kills)
  2 merfolk (D)
2 creatures vanquished.

Grand Total: 523 creatures vanquished

Notes
Turn   | Place    | Note
-------+----------+-------------------------------------------
     0 | D        | loralnil the Demonspawn Fighter began the quest for the Orb.
     0 | D        | Reached XP level 1. HP: 18/18 MP: 1/1
    13 | D        | Found a deep blue altar of Sif Muna.
    13 | D        | Found a bloodstained altar of Trog.
    13 | D        | Found a sacrificial altar of Ru.
    13 | D        | Found a stormy altar of Qazlal.
    13 | D        | Found an iron altar of Okawaru.
    19 | D        | Found a sparkling altar of Nemelex Xobeh.
    20 | D        | Found a burning altar of Makhleb.
    20 | D        | Found a corrupted altar of Lugonu.
    20 | D        | Found an ancient bone altar of Kikubaaqudgha.
    20 | D        | Found a viscous altar of Jiyva.
    24 | D        | Became a worshipper of Qazlal Stormbringer
    28 | D        | Found a hazy altar of Hepliaklqana.
    42 | D        | Found a blossoming altar of Fedhas.
    44 | D        | Found an opulent altar of Gozag.
    50 | D        | Reached skill level 5 in Invocations
    50 | D        | Gained mutation: You have sharp toenails. [demonic ancestry]
    50 | D        | Reached XP level 2. HP: 25/25 MP: 1/5
    95 | D        | Entered arena 1.
   101 | D        | Reached XP level 3. HP: 31/31 MP: 7/7
   103 | D        | Got the +8 hand axe of the Candle {flame, *Rage rF+++ Dex+8 Stlth-}
   111 | D        | Entered arena 2.
   115 | D        | Reached * piety under Qazlal
   115 | D        | Reached skill level 5 in Fighting
   115 | D        | Gained mutation: You regenerate a little health from kills. [demonic ancestry]
   115 | D        | Reached XP level 4. HP: 32/39 MP: 8/8
   119 | D        | Reached skill level 5 in Armour
   119 | D        | Reached skill level 5 in Shields
   126 | D        | Entered arena 3.
   126 | D        | Noticed a yak
   127 | D        | Reached ** piety under Qazlal
   130 | D        | Killed a yak
   130 | D        | Gained mutation: You regenerate health from kills. [demonic ancestry]
   130 | D        | Reached XP level 5. HP: 47/47 MP: 9/11
   130 | D        | Gained mutation: You regenerate a lot of health from kills. [demonic ancestry]
   130 | D        | Reached XP level 6. HP: 53/53 MP: 9/12
   136 | D        | Got the ring of the Garden {rElec rN+ Str+3 Int-4 SInv}
   139 | D        | Entered arena 4.
   141 | D        | Reached *** piety under Qazlal
   151 | D        | Got the amulet "Iskai" {Spirit Int+3}
   154 | D        | Entered arena 5.
   154 | D        | Noticed a deep elf mage
   154 | D        | Noticed a deep elf mage
   154 | D        | Noticed a deep elf mage
   154 | D        | Noticed a deep elf archer
   154 | D        | Noticed a deep elf archer
   155 | D        | Identified a +8 rod of clouds (13/13)
   158 | D        | Killed a deep elf mage
   158 | D        | Reached **** piety under Qazlal
   158 | D        | Reached XP level 7. HP: 58/61 MP: 1/14
   162 | D        | Killed a deep elf mage
   162 | D        | Reached skill level 10 in Invocations
   162 | D        | Gained mutation: You sometimes gain a little power by taking damage. [demonic ancestry]
   162 | D        | Reached XP level 8. HP: 49/69 MP: 1/16
   165 | D        | Killed a deep elf mage
   165 | D        | Reached skill level 1 in Stealth
   169 | D        | Killed a deep elf archer
   169 | D        | Reached ***** piety under Qazlal
   175 | D        | Killed a deep elf archer
   175 | D        | Gained mutation: You sometimes gain power by taking damage. [demonic ancestry]
   175 | D        | Reached XP level 9. HP: 56/76 MP: 3/18
   201 | D        | Identified Sif Muna's Tome of Excruciating Malediction (You found it in the Dungeon)
   265 | D        | Entered arena 6.
   271 | D        | Reached skill level 10 in Axes
   276 | D        | Entered arena 7.
   276 | D        | Noticed a cyclops
   276 | D        | Noticed a merfolk
   276 | D        | Noticed a merfolk
   276 | D        | Noticed a merfolk
   276 | D        | Noticed a merfolk
   281 | D        | Killed a merfolk
   281 | D        | Reached ****** piety under Qazlal
   281 | D        | Reached skill level 10 in Shields
   288 | D        | Killed a merfolk
   289 | D        | Killed a cyclops
   290 | D        | Killed a merfolk
   291 | D        | Killed a merfolk
   305 | D        | Entered arena 8.
   314 | D        | Reached XP level 10. HP: 84/84 MP: 15/20
   320 | D        | Entered arena 9.
   320 | D        | Noticed a shining eye
   320 | D        | Noticed a shining eye
   326 | D        | Gained mutation: You are frail. (-10% HP) [a shining eye]
   327 | D        | Gained mutation: You are dopey. (Int -2) [a shining eye]
   328 | D        | Killed a shining eye
   329 | D        | Killed a shining eye
   329 | D        | Reached skill level 10 in Fighting
   338 | D        | Entered arena 10.
   338 | D        | Noticed a death scarab
   338 | D        | Noticed a mummy priest
   340 | D        | Noticed a rust devil
   340 | D        | Killed a mummy priest
   342 | D        | Killed a death scarab
   342 | D        | Reached skill level 15 in Invocations
   395 | D        | Entered arena 11.
   396 | D        | Noticed a catoblepas
   396 | D        | Reached XP level 11. HP: 82/82 MP: 22/22
   405 | D        | Killed a catoblepas
   415 | D        | Entered arena 12.
   415 | D        | Noticed a four-headed hydra
   416 | D        | Killed a four-headed hydra
   495 | D        | Entered arena 13.
   496 | D        | Noticed a storm dragon
   496 | D        | Noticed a storm dragon
   496 | D        | Noticed a storm dragon
   496 | D        | Noticed a storm dragon
   498 | D        | Killed a storm dragon
   498 | D        | Reached skill level 15 in Axes
   498 | D        | Killed a storm dragon
   498 | D        | Killed a storm dragon
   498 | D        | Gained mutation: You are partially covered in slimy green scales. (AC +2) [demonic ancestry]
   498 | D        | Reached XP level 12. HP: 83/90 MP: 14/25
   509 | D        | Killed a storm dragon
   625 | D        | Entered arena 14.
   637 | D        | Got the ring "Behusaf" {rN+ Int+5}
   671 | D        | Entered arena 15.
   672 | D        | Noticed an ophan
   672 | D        | Noticed an ophan
   672 | D        | Noticed a daeva
   672 | D        | Noticed an angel
   672 | D        | Identified the +5 war axe of Propriety {freeze, rElec rPois MR+}
   673 | D        | Noticed a pearl dragon
   673 | D        | Noticed a daeva
   674 | D        | Killed an ophan
   674 | D        | Killed an ophan
   674 | D        | Killed a daeva
   674 | D        | Killed a pearl dragon
   674 | D        | Killed a daeva
   674 | D        | Gained mutation: You have razor-sharp toenails. [demonic ancestry]
   674 | D        | Reached XP level 13. HP: 87/97 MP: 22/28
   674 | D        | Killed an angel
   736 | D        | Entered arena 16.
   739 | D        | Noticed an emperor scorpion
   740 | D        | Noticed an entropy weaver
   741 | D        | Killed an emperor scorpion
   747 | D        | Killed an entropy weaver
   771 | D        | Got the ring "Tymighiyxt" {*Corrode +Fly rPois MR+ Dex+2}
   813 | D        | Entered arena 17.
   816 | D        | Reached skill level 10 in Armour
   817 | D        | Noticed a spark wasp
   824 | D        | Killed a spark wasp
   828 | D        | Reached skill level 15 in Shields
   857 | D        | Entered arena 18.
   869 | D        | Got the amulet "Xeyp" {Gourm MR+ Int+6}
   885 | D        | Got the cursed ring of the Circus Animal {AC-5 Dex+3}
   887 | D        | Entered arena 19.
   965 | D        | Got the ring of Mirth {rN++ MR+ Int+3}
  1041 | D        | Entered arena 20.
  1046 | D        | Noticed a ghost moth
  1046 | D        | Noticed a ghost moth
  1046 | D        | Noticed an entropy weaver
  1046 | D        | Reached XP level 14. HP: 104/104 MP: 31/31
  1046 | D        | Reached skill level 27 in Invocations
  1046 | D        | Killed a ghost moth
  1046 | D        | Killed an entropy weaver
  1046 | D        | Killed an entropy weaver
  1048 | D        | Noticed a ghost moth
  1054 | D        | Killed a ghost moth
  1056 | D        | Killed a ghost moth
  1065 | D        | Got the ring of Ascent {rF- Str-4 Int+3 Dex+8}
  1069 | D        | Got the +5 pair of boots "Quz Ror" {+Inv rC+ Str+4}
  1204 | D        | Entered arena 21.
  1208 | D        | Noticed an iron dragon
  1208 | D        | Noticed a glowing shapeshifter
  1208 | D        | Noticed a shadow dragon
  1208 | D        | an iron dragon changed into a shadow dragon
  1209 | D        | Killed a glowing shapeshifter
  1209 | D        | Reached skill level 1 in Dodging
  1209 | D        | Noticed an iron dragon
  1209 | D        | a shadow dragon changed into an iron dragon
  1210 | D        | Noticed a shard shrike
  1210 | D        | Noticed a hellephant
  1210 | D        | Noticed a hellephant
  1210 | D        | Noticed a shard shrike
  1210 | D        | Noticed a golden dragon
  1210 | D        | a shard shrike changed into a golden dragon
  1212 | D        | Noticed a shard shrike
  1212 | D        | Noticed a shard shrike
  1212 | D        | Killed a hellephant
  1212 | D        | Killed a golden dragon
  1213 | D        | Killed an iron dragon
  1213 | D        | Killed a shard shrike
  1213 | D        | Gained mutation: You have claws for feet. [demonic ancestry]
  1213 | D        | Reached XP level 15. HP: 106/114 MP: 13/32
  1213 | D        | Noticed a titan
  1213 | D        | a hellephant changed into a titan
  1214 | D        | Killed a shard shrike
  1214 | D        | Reached skill level 15 in Fighting
  1214 | D        | Noticed a golden dragon
  1214 | D        | a titan changed into a golden dragon
  1215 | D        | Killed a shard shrike
  1222 | D        | Noticed an iron dragon
  1222 | D        | a golden dragon changed into an iron dragon
  1227 | D        | Killed an iron dragon
  1253 | D        | Got the ring "Cuul Ich" {MR+ Str+7 Stlth+}
  1261 | D        | Got the ring "Otorpheph" {rC+ MR- Str+2 Dex+2}
  1262 | D        | Entered arena 22.
  1267 | D        | Noticed a deep elf blademaster
  1268 | D        | Noticed a deep elf sorcerer
  1268 | D        | Noticed a deep elf master archer
  1269 | D        | Noticed a deep elf blademaster
  1269 | D        | Killed a deep elf blademaster
  1269 | D        | Killed a deep elf blademaster
  1269 | D        | Killed a deep elf sorcerer
  1270 | D        | Noticed a deep elf sorcerer
  1270 | D        | Noticed a deep elf sorcerer
  1270 | D        | Noticed a deep elf sorcerer
  1271 | D        | Noticed a deep elf sorcerer
  1272 | D        | Killed a deep elf sorcerer
  1272 | D        | Killed a deep elf sorcerer
  1272 | D        | Killed a deep elf sorcerer
  1272 | D        | Killed a deep elf master archer
  1272 | D        | Reached skill level 15 in Armour
  1272 | D        | Killed a deep elf sorcerer
  1272 | D        | Gained mutation: You are powered by pain. [demonic ancestry]
  1272 | D        | Reached XP level 16. HP: 120/126 MP: 17/33
  1278 | D        | Got the ring "Uhoike" {Ice -Tele rN+ MR+ Dex+3 SInv}
  1369 | D        | Entered arena 23.
  1373 | D        | Noticed a quicksilver dragon
  1374 | D        | Noticed a quicksilver dragon
  1374 | D        | Noticed a quicksilver dragon
  1375 | D        | Noticed a quicksilver dragon
  1376 | D        | Killed a quicksilver dragon
  1376 | D        | Killed a quicksilver dragon
  1376 | D        | Killed a quicksilver dragon
  1376 | D        | Killed a quicksilver dragon
  1379 | D        | Reached skill level 5 in Dodging
  1394 | D        | Entered arena 24.
  1404 | D        | Noticed an orb of fire
  1405 | D        | Noticed an orb of fire
  1406 | D        | Killed an orb of fire
  1406 | D        | Reached XP level 17. HP: 117/137 MP: 19/34
  1409 | D        | Killed an orb of fire
  1488 | D        | Entered arena 25.
  1497 | D        | Noticed a shard shrike
  1499 | D        | Killed a shard shrike
  1499 | D        | Reached skill level 27 in Shields
  1631 | D        | Entered arena 26.
  1638 | D        | Noticed a lich
  1638 | D        | Noticed a lich
  1639 | D        | Noticed a lich
  1640 | D        | Noticed an ancient lich
  1640 | D        | Noticed a lich
  1640 | D        | Noticed an ancient lich
  1640 | D        | Noticed an ancient lich
  1641 | D        | Noticed a lich
  1641 | D        | Killed a lich
  1641 | D        | Killed a lich
  1641 | D        | Killed a lich
  1641 | D        | Killed a lich
  1644 | D        | Killed a lich
  1644 | D        | Reached XP level 18. HP: 151/153 MP: 27/35
  1644 | D        | Killed an ancient lich
  1644 | D        | Reached skill level 27 in Axes
  1644 | D        | Killed an ancient lich
  1647 | D        | Killed an ancient lich
  1649 | D        | Reached skill level 27 in Fighting
  1649 | D        | Reached skill level 10 in Dodging
  1743 | D        | Entered arena 27.
  1750 | D        | Noticed a lich
  1751 | D        | Noticed a lich
  1751 | D        | Noticed a lich
  1752 | D        | Noticed an ancient lich
  1752 | D        | Noticed a lich
  1753 | D        | Noticed an ancient lich
  1754 | D        | Killed a lich
  1754 | D        | Killed a lich
  1754 | D        | Killed a lich
  1754 | D        | Gained mutation: You are mostly covered in slimy green scales. (AC +3) [demonic ancestry]
  1754 | D        | Reached XP level 19. HP: 170/170 MP: 36/36
  1754 | D        | Killed an ancient lich
  1754 | D        | Reached skill level 27 in Armour
  1754 | D        | Reached skill level 15 in Dodging
  1755 | D        | Killed a lich
  1757 | D        | Killed an ancient lich
  1850 | D        | Got the Orb of Zot
  2227 | D        | Escaped with the Orb!

Skill      XL: |  1  2  3  4  5  6  7  8  9 10 11 12 13 14 15 16 17 18 19 |
---------------+----------------------------------------------------------+-----
Fighting       | 4 5 6 7 8 9 10 11 12 14 16 19 23 27 | 27.0
Armour         | 3 4 5 6 7 8 9 10 13 15 17 20 26 27 | 27.0
Shields        | 3 4 5 6 7 8 9 10 12 13 14 15 18 22 25 27 | 27.0
Unarmed Combat | 2 |  2.4
Invocations    | 5 6 8 9 10 12 13 15 18 22 26 27 | 27.0
Axes           | 2 4 6 7 9 11 13 15 17 18 21 22 24 26 27 | 27.0
Stealth        | 1 |  1.9
Dodging        | 1 4 5 7 11 24 | 24.2

Action                   |  1- 3 |  4- 6 |  7- 9 | 10-12 | 13-15 | 16-18 | 19-21 || total
-------------------------+-------+-------+-------+-------+-------+-------+-------++-------
Melee: Broad axe         |     5 |     9 |    31 |    37 |    37 |    23 |    17 ||   159
       Kick              |     4 |     3 |     3 |     9 |    14 |    11 |     7 ||    51
       Hand axe          |     2 |     4 |       |       |       |       |       ||     6
Invok: Disaster Area     |       |       |       |     6 |    12 |    11 |     3 ||    32
  Use: Potion            |     1 |       |       |       |       |       |       ||     1
       Scroll            |     1 |       |       |       |       |       |       ||     1
 Stab: Distracted        |       |       |     1 |       |     1 |     1 |       ||     3
  Eat: Fruit             |       |       |       |       |     4 |       |     3 ||     7
       Meat ration       |       |       |       |       |       |       |     1 ||     1
Armor: Plate armour      |     3 |     1 |    13 |    10 |    19 |    12 |     2 ||    60
Dodge: Deflected         |       |       |     1 |     1 |     1 |     1 |     1 ||     5
       Dodged            |       |       |     1 |     1 |     3 |     1 |     4 ||    10
Block: Shield            |     8 |    18 |    78 |    42 |    62 |    37 |    14 ||   259
